[Event "December 19 Early 2023"]
[Site "https://www.chess.com"]
[Date "2023.12.19"]
[Round "11"]
[White "Bardyk, Artem"]
[Black "Deng, Henry"]
[Result "1/2-1/2"]
[Board "47"]
[TimeControl "180+1"]
[WhiteFideId "34349979"]
[BlackFideId "30965454"]
[WhiteElo "2300"]
[BlackElo "2586"]
[WhiteTeam "RUS"]
[BlackTeam "USA"]
[WhiteClock "0:00:06"]
[BlackClock "0:00:47"]

1. e4 c5 2. c3 Nf6 3. e5 Nd5 4. Nf3 d6 5. Bc4 e6 6. d4 cxd4 7. cxd4 Be7 8. O-O O-O 9. Bd2 b6 10. Nc3 Nxc3 11. Bxc3 Bb7 12. Qe2 Nd7 13. Rad1 dxe5 14. d5 exd5 15. Bxd5 Bxd5 16. Rxd5 Qc7 17. Rfd1 Nf6 18. Bxe5 Qc6 19. R5d3 Rfe8 20. Nd4 Qc5 21. Bg3 Bf8 22. Qf3 Rad8 23. h3 Qd5 24. Qxd5 Rxd5 25. Nc6 Rxd3 26. Rxd3 a5 27. a4 h6 28. Be5 Ne4 29. Bd4 Bc5 30. Re3 Bxd4 31. Nxd4 Nd6 32. Rb3 Re4 33. Nc6 Rxa4 34. Rxb6 Nc4 35. Rb8+ Kh7 36. b3 Ra1+ 37. Kh2 Nd2 38. g3 a4 39. bxa4 Rxa4 40. Rb7 Kg8 41. Ne7+ Kf8 42. Nf5 Kg8 43. Nd6 Ra8 44. Rxf7 Rd8 45. Nb7 Kxf7 46. Nxd8+ Kf6 47. Kg2 Ne4 48. Nc6 Nc5 49. Nd4 Ne4 50. Kf3 Nc5 51. Ke3 Nd7 52. Nf3 Nf8 53. Ke4 Ne6 54. Ne1 Ng5+ 55. Ke3 Nxh3 56. Nd3 Ng5 57. Nf4 Nf7 58. Nh5+ Kg6 59. Nf4+ Kf6 60. Ke4 Ng5+ 61. Ke3 g6 62. Nd5+ Ke6 63. Nc3 Nf7 64. Ne2 Ne5 65. Kf4 Kf6 66. Nc3 g5+ 67. Ke4 Nc6 68. Nd5+ Kg6 69. Ne3 Ne7 70. Ke5 Ng8 71. Ke6 Nf6 72. f4 gxf4 73. gxf4 Nh5 74. f5+ Kg7 75. Nd5 Kf8 76. Nb6 Ng7+ 77. Kf6 h5 78. Nd7+ Kg8 79. Kg6 Nxf5 80. Nf6+ Kh8 81. Kxf5 h4 82. Kg4 h3 83. Kg3 h2 84. Kg2 h1=Q+ 85. Kxh1 1/2-1/2

[Event "December 19 Early 2023"]
[Site "https://www.chess.com"]
[Date "2023.12.19"]
[Round "11"]
[White "Andreev, Konstantin"]
[Black "Feuerstack, Aljoscha"]
[Result "0-1"]
[Board "48"]
[TimeControl "180+1"]
[WhiteFideId "24239305"]
[BlackFideId "4681932"]
[WhiteElo "2093"]
[BlackElo "2418"]
[WhiteTeam "ITA"]
[BlackTeam "GER"]
[WhiteClock "0:00:05"]
[BlackClock "0:00:15"]

1. e4 c6 2. d4 d5 3. e5 a6 4. Nf3 Bg4 5. Be2 e6 6. O-O c5 7. c3 Nc6 8. h3 Bxf3 9. Bxf3 cxd4 10. cxd4 Qb6 11. Be3 Nh6 12. Bxh6 gxh6 13. Nc3 Qxd4 14. Qb3 Qb4 15. Qc2 Bg7 16. Bxd5 exd5 17. Nxd5 Qa5 18. Nf6+ Kf8 19. Nxh7+ Kg8 20. Nf6+ Bxf6 21. exf6 Re8 22. Qc4 Qg5 23. Rae1 Rxe1 24. Rxe1 Qxf6 25. Re8+ Kg7 26. Re3 Rd8 27. Qg4+ Qg6 28. Qf4 Nd4 29. Qe5+ Kh7 30. Rg3 Qb1+ 31. Kh2 Ne6 32. Qf6 Rf8 33. f4 Qe4 34. f5 Qf4 35. h4 Rg8 36. Qxf7+ Rg7 0-1

[Event "December 19 Early 2023"]
[Site "https://www.chess.com"]
[Date "2023.12.19"]
[Round "11"]
[White "Estrada Nieto, Julian"]
[Black "Rozman, Levy"]
[Result "0-1"]
[Board "49"]
[TimeControl "180+1"]
[WhiteFideId "5101018"]
[BlackFideId "2039877"]
[WhiteElo "2161"]
[BlackElo "2376"]
[WhiteTeam "ESP"]
[BlackTeam "USA"]
[WhiteClock "0:00:54"]
[BlackClock "0:00:49"]

1. e4 d5 2. exd5 Qxd5 3. Nc3 Qa5 4. d4 Nf6 5. Nf3 Bf5 6. Bc4 e6 7. Bd2 Bb4 8. Qe2 O-O 9. O-O-O Nc6 10. Kb1 Rfd8 11. a3 Bxc3 12. Bxc3 Qb6 13. Nh4 Nxd4 14. Bxd4 Rxd4 15. Nxf5 exf5 16. Qe7 Rf8 17. Rxd4 Qxd4 18. Rd1 Qxd1+ 0-1

[Event "December 19 Early 2023"]
[Site "https://www.chess.com"]
[Date "2023.12.19"]
[Round "11"]
[White "Sahib Singh"]
[Black "Kashefi, Amir Hosein"]
[Result "1-0"]
[Board "50"]
[TimeControl "180+1"]
[WhiteFideId "25618342"]
[BlackFideId "12557935"]
[WhiteElo "2130"]
[BlackElo "2109"]
[WhiteTeam "IND"]
[BlackTeam "IRI"]
[WhiteClock "0:00:03"]
[BlackClock "0:00:04"]

1. e4 e5 2. Nf3 Nc6 3. Bb5 Nf6 4. O-O Nxe4 5. d4 Be7 6. dxe5 d5 7. exd6 Nxd6 8. Bxc6+ bxc6 9. Ne5 Bb7 10. Re1 O-O 11. Qf3 Bf6 12. Bf4 Re8 13. Nc3 c5 14. Qh3 Bc8 15. Qg3 Bb7 16. Rad1 Re6 17. Ng4 Rxe1+ 18. Rxe1 Nf5 19. Qh3 Bd4 20. Nb5 Qh4 21. Qxh4 Nxh4 22. Nxd4 cxd4 23. Re7 Nxg2 24. Bg3 h5 25. Rxc7 Be4 26. Ne5 Ne1 27. Nxf7 h4 28. Ng5 hxg3 29. Nxe4 Nf3+ 30. Kg2 gxh2 31. Ng3 Rf8 32. Rxa7 Ne1+ 33. Kxh2 Rxf2+ 34. Kh3 Rxc2 35. Nf5 d3 36. Rxg7+ Kf8 37. Rd7 Rxb2 38. a4 Ra2 39. Rd4 Rf2 40. Kg4 Nf3 41. Rd8+ Kf7 42. Kg3 Rf1 43. Ne3 Ra1 44. Kxf3 Rxa4 45. Rxd3 Ra5 46. Ng2 Ke6 47. Nf4+ Ke5 48. Re3+ Kf5 49. Ne2 Rc5 50. Ng3+ Kg6 51. Re6+ Kf7 52. Re4 Kg6 53. Kg4 Rc6 54. Nf5 Rb6 55. Rd4 Kf6 56. Kf4 Ke6 57. Re4+ Kf6 58. Ne3 Ra6 59. Nd5+ Kg6 60. Ke5 Kf7 61. Rf4+ Kg6 62. Rg4+ Kf7 63. Rf4+ Kg6 64. Ne7+ Kg5 65. Rf5+ Kg4 66. Nd5 Ra5 67. Rf4+ Kg5 68. Rf1 Kg4 69. Ke4 Kg5 70. Rg1+ Kh6 71. Nf4 Kh7 72. Kf3 Kh6 73. Kg4 Kg7 74. Nh5+ Kh6 75. Ng3 Kg6 76. Ne4 Re5 77. Kf4+ Rg5 78. Rxg5+ Kh6 79. Kf5 Kh7 80. Nf6+ Kh8 81. Rg8# 1-0

[Event "December 19 Early 2023"]
[Site "https://www.chess.com"]
[Date "2023.12.19"]
[Round "11"]
[White "Hnydiuk, Aleksander"]
[Black "Piesik, Piotr"]
[Result "1-0"]
[Board "51"]
[TimeControl "180+1"]
[WhiteFideId "1109057"]
[BlackFideId "1136194"]
[WhiteElo "2374"]
[BlackElo "2319"]
[WhiteTeam "POL"]
[BlackTeam "CZE"]
[WhiteClock "0:00:08"]
[BlackClock "0:00:32"]

1. e4 e6 2. d4 d5 3. Nc3 Bb4 4. e5 b6 5. Qg4 Bf8 6. Bb5+ c6 7. Ba4 a5 8. Bb3 b5 9. a4 b4 10. Nce2 Ne7 11. c3 Ba6 12. cxb4 axb4 13. Bd2 Nf5 14. Bc2 h5 15. Qh3 Qd7 16. g4 Ne7 17. gxh5 Nf5 18. Qg4 c5 19. dxc5 Nc6 20. Nf3 Bxe2 21. Kxe2 Qc7 22. Bxf5 exf5 23. Qxf5 Bxc5 24. Rhc1 Ne7 25. Qg5 Qb6 26. Qxg7 Rxh5 27. Ng5 Rxh2 28. Qxf7+ Kd7 29. e6+ Kc6 30. Be3 d4 31. Qxe7 Qa6+ 32. Kf3 1-0

[Event "December 19 Early 2023"]
[Site "https://www.chess.com"]
[Date "2023.12.19"]
[Round "11"]
[White "Kochiev, Ivan"]
[Black "Thorfinnsson, Bjorn"]
[Result "0-1"]
[Board "52"]
[TimeControl "180+1"]
[WhiteFideId "2917890"]
[BlackFideId "2300982"]
[WhiteElo "2285"]
[BlackElo "2394"]
[WhiteTeam "BUL"]
[BlackTeam "ISL"]
[WhiteClock "0:00:00"]
[BlackClock "0:01:11"]

1. e4 e5 2. Nf3 Nc6 3. Bc4 Nf6 4. d3 Bc5 5. c3 d6 6. O-O a6 7. Bb3 h6 8. Nbd2 g5 9. Nc4 g4 10. Nfd2 Nh5 11. Ne3 Qh4 12. g3 Qh3 13. Re1 Nf4 14. gxf4 exf4 15. Qe2 fxe3 16. fxe3 g3 17. d4 Rg8 0-1

[Event "December 19 Early 2023"]
[Site "https://www.chess.com"]
[Date "2023.12.19"]
[Round "11"]
[White "Kanyamarala, Trisha"]
[Black "Gubajdullin, Alexei"]
[Result "1-0"]
[Board "53"]
[TimeControl "180+1"]
[WhiteFideId "45004722"]
[BlackFideId "4141202"]
[WhiteElo "2078"]
[BlackElo "2274"]
[WhiteTeam "IRL"]
[BlackTeam "RUS"]
[WhiteClock "0:00:06"]
[BlackClock "0:01:14"]

1. c4 Nf6 2. Nc3 c5 3. e4 Nc6 4. d3 g6 5. g3 Bg7 6. Bg2 O-O 7. Nge2 Ne8 8. O-O Nc7 9. Be3 Ne6 10. f4 Ned4 11. Rb1 d6 12. a3 Rb8 13. b4 b6 14. Qd2 Bg4 15. b5 Nxe2+ 16. Nxe2 Bxe2 17. Qxe2 Nd4 18. Qf2 e6 19. a4 Qc8 20. Bh3 a6 21. f5 exf5 22. exf5 axb5 23. axb5 Ra8 24. f6 Qxh3 25. fxg7 Kxg7 26. Bxd4+ cxd4 27. Qxd4+ Kg8 28. Rb2 h5 29. Rbf2 Rad8 30. Rf4 d5 31. Qxb6 dxc4 32. dxc4 Rd3 33. Qb7 Qe6 34. Qe4 Qd6 35. Rf6 Qc5+ 36. Kh1 Rd7 37. b6 Re7 38. Qf4 Qb4 39. Rxg6+ Kh7 40. Qh6# 1-0

[Event "December 19 Early 2023"]
[Site "https://www.chess.com"]
[Date "2023.12.19"]
[Round "11"]
[White "Skliarov, Viktor"]
[Black "Namitbir Singh Walia"]
[Result "1/2-1/2"]
[Board "54"]
[TimeControl "180+1"]
[WhiteFideId "14106736"]
[BlackFideId "35071068"]
[WhiteElo "2301"]
[BlackElo "2239"]
[WhiteTeam "UKR"]
[BlackTeam "IND"]
[WhiteClock "0:00:09"]
[BlackClock "0:00:09"]

1. e4 c6 2. d4 d5 3. e5 Bf5 4. Nf3 e6 5. Be2 Nd7 6. O-O Ne7 7. a4 Nc8 8. Na3 Be7 9. c3 O-O 10. Nc2 c5 11. Ne3 Bg6 12. c4 cxd4 13. Qxd4 Bc5 14. Qf4 d4 15. Nxd4 Nxe5 16. Nb3 Bd6 17. c5 Bc7 18. Nc4 Nxc4 19. Qxc4 Ne7 20. Rd1 Nd5 21. Bf3 Qb8 22. h3 Bf5 23. Nd4 Bg6 24. b4 Be5 25. Bb2 Nf4 26. Ra3 Rd8 27. Re1 Qc7 28. Ba1 Nd3 29. Rxd3 Bxd3 30. Qxd3 Bxd4 31. Bxd4 Qd7 32. Rd1 e5 33. Qe4 exd4 34. Qxb7 Qxa4 35. Kh2 Rab8 36. Qe7 Qxb4 37. Qxa7 Rbc8 38. c6 Qd6+ 39. g3 d3 40. Kg2 d2 41. Qa5 h6 42. h4 Rxc6 43. Bxc6 Qxc6+ 44. Kg1 Qd6 45. Qc3 Qd5 46. Qe3 Qa2 47. Qe2 Qc2 48. h5 Qc1 49. g4 Qc3 50. f3 Qd4+ 51. Kf1 Qf4 52. Kg2 Qd6 53. Kf2 Qd4+ 54. Qe3 Qb2 55. Ke2 Qb5+ 56. Kf2 Qb4 57. Ke2 Qc4+ 58. Kf2 Rd3 59. Qe2 Qd4+ 60. Kg2 Qd5 61. Kf2 g6 62. hxg6 fxg6 63. Qe8+ Kg7 64. Qe7+ Kg8 65. Qe8+ Kg7 66. Qe7+ Qf7 67. Qxf7+ Kxf7 68. Ke2 Rd5 69. Rxd2 Rxd2+ 70. Kxd2 Kf6 71. Ke3 Kg5 72. Kf2 Kf4 73. Kg2 Ke3 74. Kg3 g5 75. Kg2 Ke2 76. Kg3 Ke3 77. Kg2 Ke2 78. Kg3 Ke3 1/2-1/2

[Event "December 19 Early 2023"]
[Site "https://www.chess.com"]
[Date "2023.12.19"]
[Round "11"]
[White "Gutierrez Olivares, Daniel"]
[Black "Gontcharov, Vladislav"]
[Result "0-1"]
[Board "55"]
[TimeControl "180+1"]
[WhiteFideId "2264005"]
[BlackFideId "4123492"]
[WhiteElo "2317"]
[BlackElo "2420"]
[WhiteTeam "ESP"]
[BlackTeam "RUS"]
[WhiteClock "0:00:02"]
[BlackClock "0:00:12"]

1. Nf3 Nf6 2. b3 g6 3. Bb2 Bg7 4. c4 O-O 5. g3 c5 6. Bg2 Nc6 7. O-O d6 8. e3 Bf5 9. d3 Qd7 10. Re1 Bh3 11. Bh1 h6 12. a3 Rac8 13. Qc2 b6 14. Nc3 Qf5 15. Ne2 g5 16. e4 Qg6 17. Bc3 e5 18. b4 Ng4 19. b5 Nd4 20. Bxd4 exd4 21. Bg2 Qh5 22. Kf1 f5 23. Neg1 fxe4 24. Rxe4 Bxg2+ 25. Kxg2 Rf7 26. Rae1 Rcf8 27. Qe2 Be5 28. h3 Nf6 29. Rxe5 dxe5 30. Nxe5 Qxe2 31. Rxe2 Re7 32. f4 gxf4 33. gxf4 Nh5 34. Ng6 Rxe2+ 35. Nxe2 Rf6 36. f5 Kg7 37. Nh4 Rf8 38. Kf3 Re8 39. Ng2 Kf6 40. Nef4 Nxf4 41. Kxf4 Re2 42. Nh4 Re3 43. Nf3 Rxd3 44. Nh2 Rxh3 45. Ng4+ Ke7 46. Ne5 d3 47. Ng4 d2 48. Nf2 Rd3 49. Nxd3 d1=Q 50. Ne5 Qd4+ 0-1

[Event "December 19 Early 2023"]
[Site "https://www.chess.com"]
[Date "2023.12.19"]
[Round "11"]
[White "Nilsson, Joakim"]
[Black "Golubev, Mikhail"]
[Result "1-0"]
[Board "56"]
[TimeControl "180+1"]
[WhiteFideId "1723383"]
[BlackFideId "14100983"]
[WhiteElo "2143"]
[BlackElo "2352"]
[WhiteTeam "SWE"]
[BlackTeam "UKR"]
[WhiteClock "0:00:23"]
[BlackClock "0:00:00"]

1. d4 Nf6 2. Nf3 d6 3. Bg5 Nbd7 4. Nbd2 e5 5. e4 Be7 6. dxe5 dxe5 7. c3 h6 8. Bh4 O-O 9. Bc4 Nh5 10. Bg3 Nf4 11. Bxf4 exf4 12. Qe2 Bf6 13. O-O-O Qe7 14. g3 fxg3 15. hxg3 c6 16. Rde1 b5 17. Bb3 b4 18. cxb4 Qxb4 19. e5 Re8 20. e6 fxe6 21. Ne4 a5 22. g4 a4 23. Bc4 a3 24. b3 Ra5 25. g5 Bxg5+ 26. Nfxg5 Rxg5 27. Nxg5 Qc3+ 28. Qc2 Qa1+ 29. Kd2 Qd4+ 30. Qd3 Qb2+ 31. Qc2 Qxc2+ 32. Kxc2 hxg5 33. Rxe6 Rxe6 34. Bxe6+ Kf8 35. Rd1 Ke7 36. Bg4 Nb6 37. Bxc8 Nxc8 38. b4 Nd6 39. Kb3 Nb5 40. Re1+ Kd6 41. Rc1 Kd5 42. Rc5+ Kd4 43. Rxg5 1-0

[Event "December 19 Early 2023"]
[Site "https://www.chess.com"]
[Date "2023.12.19"]
[Round "11"]
[White "Tulchynskyi, Feliks"]
[Black "Yuan, Qingyu"]
[Result "0-1"]
[Board "57"]
[TimeControl "180+1"]
[WhiteFideId "34127895"]
[BlackFideId "8609772"]
[WhiteElo "2131"]
[BlackElo "2359"]
[WhiteTeam "UKR"]
[BlackTeam "CHN"]
[WhiteClock "0:00:07"]
[BlackClock "0:00:03"]

1. c4 c5 2. Nf3 Nf6 3. g3 d5 4. cxd5 Nxd5 5. Bg2 Nc6 6. Nc3 Nxc3 7. bxc3 e5 8. O-O Be7 9. d3 O-O 10. Nd2 Qc7 11. Rb1 Rb8 12. a4 b6 13. Nc4 Bf6 14. Qc2 Be6 15. f4 Rbd8 16. f5 Bc8 17. h4 e4 18. dxe4 Qxg3 19. Rf3 Qe1+ 20. Kh2 Ne5 21. Bg5 Nxf3+ 22. exf3 Qxc3 23. Qxc3 Bxc3 24. Bxd8 Rxd8 25. a5 Ba6 26. Bf1 b5 27. Ne3 c4 28. Nd5 Bd4 29. Kg2 Kf8 30. Nc7 Bc8 31. Nxb5 Bc5 32. Bxc4 Rd2+ 33. Kh1 Ke7 34. Nc7 Kd6 35. Nd5 Ke5 36. Rb8 Bd7 37. Rb7 Ba4 38. Rc7 Bd4 39. Re7+ Kd6 40. Rxf7 Bd1 41. Ne7 Bxf3# 0-1

[Event "December 19 Early 2023"]
[Site "https://www.chess.com"]
[Date "2023.12.19"]
[Round "11"]
[White "Tifferet, Shakked"]
[Black "Koellner, Ruben Gideon"]
[Result "0-1"]
[Board "58"]
[TimeControl "180+1"]
[WhiteFideId "2811529"]
[BlackFideId "12993093"]
[WhiteElo "2142"]
[BlackElo "2347"]
[WhiteTeam "ISR"]
[BlackTeam "GER"]
[WhiteClock "0:00:04"]
[BlackClock "0:00:04"]

1. e4 c6 2. Nc3 Nf6 3. e5 Nd5 4. Bc4 Nxc3 5. dxc3 d5 6. Bd3 g6 7. h4 Bg7 8. Bf4 Nd7 9. Nf3 Nc5 10. h5 Nxd3+ 11. Qxd3 Bf5 12. Qd2 Qb6 13. h6 Bf8 14. b4 a5 15. Be3 Qa6 16. Nd4 e6 17. a4 axb4 18. cxb4 Qc4 19. f3 Bxb4 20. g4 Bxd2+ 21. Kxd2 c5 22. Nb5 Qxc2+ 23. Ke1 Bd3 24. Nd6+ Kd7 25. Bd2 Rxa4 26. Rc1 Qb3 27. Nxf7 Rf8 28. Ng5 Rfa8 29. Nxh7 Ra1 30. Nf6+ Kc6 31. Kf2 Rxc1 32. Rxc1 Qb2 33. Ke1 Qd4 34. Kd1 Qg1+ 35. Be1 Qg2 36. Rxc5+ Kxc5 37. Nd7+ Kc6 38. Nb8+ Rxb8 39. Bf2 Qxf2 0-1

[Event "December 19 Early 2023"]
[Site "https://www.chess.com"]
[Date "2023.12.19"]
[Round "11"]
[White "Martinez Reyes, Pedro Ramon"]
[Black "Hua, Lefong"]
[Result "0-1"]
[Board "59"]
[TimeControl "180+1"]
[WhiteFideId "3901807"]
[BlackFideId "2602253"]
[WhiteElo "2327"]
[BlackElo "2676"]
[WhiteTeam "VEN"]
[BlackTeam "CAN"]
[WhiteClock "0:01:21"]
[BlackClock "0:01:42"]

1. Nf3 Nf6 2. g3 g6 3. Bg2 Bg7 4. O-O O-O 5. d3 c5 6. Nbd2 Nc6 7. e4 d6 8. Re1 Nd7 9. c3 Rb8 10. h4 b5 11. h5 a5 12. Nf1 b4 13. Bd2 Nde5 14. Nxe5 Nxe5 15. h6 Bh8 16. Qe2 bxc3 17. bxc3 Ba6 18. c4 Rb2 19. Reb1 Qb8 20. Rd1 Nc6 21. Ne3 e6 22. Rac1 Rxa2 23. Ng4 Nd4 24. Qf1 f5 25. exf5 gxf5 26. Ne3 Bf6 27. Ra1 Rxa1 28. Rxa1 Nb3 29. Rb1 Nxd2 30. Rxb8 Nxf1 31. Rxf8+ Kxf8 32. Kxf1 a4 33. Nc2 Bb2 34. g4 a3 35. Nxa3 Bxa3 36. gxf5 exf5 37. Bh3 Bc8 0-1

[Event "December 19 Early 2023"]
[Site "https://www.chess.com"]
[Date "2023.12.19"]
[Round "11"]
[White "Cattaneo, Marco"]
[Black "Ovetchkin, Roman"]
[Result "0-1"]
[Board "60"]
[TimeControl "180+1"]
[WhiteFideId "878332"]
[BlackFideId "4119991"]
[WhiteElo "2186"]
[BlackElo "2381"]
[WhiteTeam "ITA"]
[BlackTeam "RUS"]
[WhiteClock "0:00:00"]
[BlackClock "0:00:02"]

1. e4 c6 2. d4 d5 3. exd5 cxd5 4. Bd3 Nc6 5. c3 Nf6 6. Bf4 Bg4 7. Qb3 e5 8. dxe5 Nh5 9. Be3 Nxe5 10. Bb5+ Nc6 11. Nd2 Nf6 12. Ngf3 Bd6 13. h3 Bd7 14. O-O O-O 15. Bd3 h6 16. a4 Re8 17. Rfe1 a6 18. Bb6 Qc8 19. Rxe8+ Bxe8 20. a5 Bd7 21. Re1 Be6 22. Qa4 Nd7 23. Be3 Qc7 24. Nb3 Re8 25. Bf1 Qc8 26. Nfd4 Nde5 27. Nxc6 Nxc6 28. Bc5 Bb8 29. Nd4 Bd7 30. Rxe8+ Qxe8 31. Nxc6 Bxc6 32. Qd1 Bc7 33. Bb6 Bd6 34. Qe2 Qe6 35. Qxe6 fxe6 36. c4 Kf7 37. Bd3 Bb4 38. f4 Bd2 39. g3 h5 40. Kf2 g5 41. fxg5 Bxg5 42. Be2 Kg6 43. cxd5 Bxd5 44. Be3 Bf6 45. b4 e5 46. Bc5 h4 47. gxh4 Bxh4+ 48. Ke3 Bg5+ 49. Kf2 e4 50. Be3 Bh4+ 51. Kg2 Kf5 52. Bd4 Kf4 53. Bg4 e3+ 54. Kf1 Ke4 55. Bc5 Bc4+ 56. Be2 Be6 57. Kg2 Bf6 0-1

[Event "December 19 Early 2023"]
[Site "https://www.chess.com"]
[Date "2023.12.19"]
[Round "11"]
[White "Espinoza Villanueva, Rodrigo"]
[Black "Khamdamova, Afruza"]
[Result "0-1"]
[Board "61"]
[TimeControl "180+1"]
[WhiteFideId "5140188"]
[BlackFideId "14210444"]
[WhiteElo "1907"]
[BlackElo "2295"]
[WhiteTeam "MEX"]
[BlackTeam "UZB"]
[WhiteClock "0:00:00"]
[BlackClock "0:00:04"]

1. Nf3 Nf6 2. g3 d5 3. Bg2 c5 4. O-O Nc6 5. d3 e5 6. Bg5 Be7 7. Nfd2 h6 8. Bxf6 Bxf6 9. Nc3 Be6 10. e4 d4 11. Nd5 O-O 12. c4 dxc3 13. bxc3 Bxd5 14. exd5 Ne7 15. Qb3 Rb8 16. a4 b6 17. Ne4 Nf5 18. Rfb1 Nd6 19. Nd2 Qd7 20. Nc4 Rfe8 21. Rb2 g6 22. Rab1 Bg7 23. Nxd6 Qxd6 24. Qc4 Bf8 25. Rb5 Qc7 26. Qa2 Bd6 27. R1b2 Rec8 28. Qc4 Rd8 29. a5 bxa5 30. Qa4 Kg7 31. h4 a6 32. Rxb8 Rxb8 33. Rxb8 Qxb8 34. Qxa5 Qb1+ 35. Bf1 Qb7 36. c4 Qa7 37. Bh3 Bc7 38. Qa1 a5 39. Bd7 Qb6 40. Bb5 Qf6 41. Kg2 Qf5 42. Qc3 g5 43. hxg5 hxg5 44. Be8 g4 45. Kf1 Qf3 46. Qd2 Kf8 47. Bd7 Ke7 48. Bb5 Qh1+ 49. Ke2 Qf3+ 50. Ke1 Kd6 51. Qh6+ Ke7 52. Qc6 Bd6 53. Qd7+ Kf6 54. Qxd6+ Kg7 55. Qxe5+ Kg8 56. Qe4 Qf6 57. Qe8+ Kg7 58. Qe4 Qa1+ 59. Ke2 a4 60. Qxg4+ Kf8 61. Qc8+ Kg7 62. Qg4+ Kf8 63. d6 Qe5+ 64. Qe4 Qb2+ 65. Kf3 Qf6+ 66. Qf4 Qc3 67. Kg2 a3 68. Qh6+ Kg8 0-1

[Event "December 19 Early 2023"]
[Site "https://www.chess.com"]
[Date "2023.12.19"]
[Round "11"]
[White "Vlassov, Nikolai"]
[Black "Buksa, Nataliya"]
[Result "1-0"]
[Board "62"]
[TimeControl "180+1"]
[WhiteFideId "4103360"]
[BlackFideId "14123622"]
[WhiteElo "2351"]
[BlackElo "2316"]
[WhiteTeam "FID"]
[BlackTeam "UKR"]
[WhiteClock "0:00:15"]
[BlackClock "0:01:22"]

1. e4 c5 2. c3 e5 3. Nf3 Nc6 4. Bc4 Be7 5. O-O Nf6 6. Ng5 O-O 7. d3 d5 8. exd5 Nxd5 9. Qh5 h6 10. Ne4 Be6 11. Bxh6 gxh6 12. Qxh6 Na5 13. Nbd2 Bf5 14. f4 Nxf4 15. g3 Nxc4 16. gxf4 Nxd2 17. Kh1 Nxf1 18. Rxf1 Bg6 19. Rg1 Bf6 20. f5 Qxd3 21. Nxf6# 1-0

[Event "December 19 Early 2023"]
[Site "https://www.chess.com"]
[Date "2023.12.19"]
[Round "11"]
[White "Nigalidze, Gaioz"]
[Black "Kurmangaliyeva, Liya"]
[Result "0-1"]
[Board "63"]
[TimeControl "180+1"]
[WhiteFideId "13603078"]
[BlackFideId "13725831"]
[WhiteElo "2400"]
[BlackElo "2077"]
[WhiteTeam "GEO"]
[BlackTeam "KAZ"]
[WhiteClock "0:00:02"]
[BlackClock "0:00:23"]

1. d4 d5 2. c4 dxc4 3. e3 Nf6 4. Bxc4 e6 5. Nf3 c5 6. O-O a6 7. b3 Nbd7 8. Bb2 b5 9. Be2 Bb7 10. a4 b4 11. Nbd2 Be7 12. Nc4 O-O 13. Nfe5 cxd4 14. exd4 Nd5 15. Bf3 N7f6 16. a5 Rb8 17. Qd2 Nd7 18. Rfe1 Bg5 19. Qc2 Qc7 20. Be4 h6 21. g3 Rfc8 22. Bh7+ Kf8 23. Nxf7 Kxf7 24. Qg6+ Kf8 25. Qxe6 N7f6 26. Ne5 g6 27. Bxg6 Kg7 28. f4 Bxf4 29. gxf4 Nxf4 30. Qf5 N6d5 31. Bh5 Nxh5 32. Qg6+ Kh8 33. Qxh5 Rg8+ 34. Kf1 Rbf8+ 35. Nf3 Qf4 36. Kf2 Nf6 37. Qh3 Ng4+ 38. Ke2 Bxf3+ 39. Kd3 Nf2+ 40. Kc4 Nxh3 0-1

[Event "December 19 Early 2023"]
[Site "https://www.chess.com"]
[Date "2023.12.19"]
[Round "11"]
[White "Thorfinnsson, Bragi"]
[Black "Ljukin, Sergei"]
[Result "0-1"]
[Board "64"]
[TimeControl "180+1"]
[WhiteFideId "2300958"]
[BlackFideId "14102200"]
[WhiteElo "2325"]
[BlackElo "2319"]
[WhiteTeam "ISL"]
[BlackTeam "UKR"]
[WhiteClock "0:00:09"]
[BlackClock "0:00:08"]

1. e4 e6 2. d3 d5 3. Nd2 Nf6 4. g3 Be7 5. Bg2 O-O 6. e5 Nfd7 7. f4 c5 8. Ngf3 Nc6 9. O-O f6 10. Qe2 fxe5 11. fxe5 Rf7 12. c4 Nf8 13. b3 dxc4 14. dxc4 Nd4 15. Qe4 Nxf3+ 16. Nxf3 Rb8 17. Be3 b6 18. Rad1 Qc7 19. Ng5 Rxf1+ 20. Rxf1 Bxg5 21. Bxg5 Bb7 22. Qe2 Bxg2 23. Qxg2 Ng6 24. Re1 Rf8 25. Qe4 Qf7 26. Be3 Qd7 27. Qg2 Nxe5 28. Bf4 Ng6 29. Be3 Qd3 30. Qe2 Qf5 31. Bf2 e5 32. Rf1 h5 33. Be1 Qxf1+ 34. Qxf1 Rxf1+ 35. Kxf1 Kf7 36. Ke2 Ke6 37. Kf3 Kf5 38. Bc3 e4+ 39. Ke3 Ne5 40. h3 g6 41. Bb2 a6 42. Bc3 Nc6 43. a3 b5 44. cxb5 axb5 45. a4 bxa4 46. bxa4 Nb8 47. a5 Na6 48. Bd2 Ke5 49. Bc3+ Kd5 50. Kf4 Kc4 51. Be1 Kd3 52. Kg5 c4 53. Kxg6 c3 54. Bxc3 Kxc3 55. Kxh5 e3 56. g4 e2 57. g5 e1=Q 58. g6 Qe8 59. Kh6 Qh8+ 60. Kg5 Qxh3 61. g7 Qc8 62. Kf6 Qg8 63. Kg6 Kb4 0-1

[Event "December 19 Early 2023"]
[Site "https://www.chess.com"]
[Date "2023.12.19"]
[Round "11"]
[White "Sadykov, Ramil"]
[Black "Azali, Tannaz"]
[Result "0-1"]
[Board "65"]
[TimeControl "180+1"]
[WhiteFideId "24113590"]
[BlackFideId "12537721"]
[WhiteElo "2245"]
[BlackElo "1828"]
[WhiteTeam "FID"]
[BlackTeam "IRI"]
[WhiteClock "0:00:41"]
[BlackClock "0:01:47"]

1. Nf3 Nf6 2. c4 e6 3. g3 d5 4. Bg2 dxc4 5. Qa4+ Bd7 6. Qxc4 c5 7. O-O Nc6 8. d4 b5 9. Qc3 c4 10. a4 a6 11. Ne5 Nd5 12. Qf3 Nxe5 13. dxe5 Bc6 14. e4 Nb4 15. Rd1 Qc7 16. Bf4 Bc5 17. Qg4 O-O 18. Nd2 Nd3 19. b3 Nxf2 0-1

[Event "December 19 Early 2023"]
[Site "https://www.chess.com"]
[Date "2023.12.19"]
[Round "11"]
[White "Bazilius, Augustinas"]
[Black "Ambartsumova, Karina"]
[Result "1-0"]
[Board "66"]
[TimeControl "180+1"]
[WhiteFideId "12832251"]
[BlackFideId "4166299"]
[WhiteElo "2082"]
[BlackElo "2240"]
[WhiteTeam "LTU"]
[BlackTeam "RUS"]
[WhiteClock "0:00:34"]
[BlackClock "0:00:00"]

1. e4 e5 2. d4 exd4 3. c3 d5 4. exd5 Qxd5 5. Nf3 Nc6 6. Be2 Nf6 7. cxd4 Bb4+ 8. Nc3 O-O 9. O-O Qd8 10. Bg5 h6 11. Bh4 Be7 12. Re1 Nd5 13. Bxe7 Ncxe7 14. Ne5 c6 15. Qb3 Qb6 16. Bc4 Be6 17. Rad1 Rad8 18. Ne4 Bc8 19. Nc5 Qxb3 20. Bxb3 Nf5 21. Bc2 Nde7 22. h3 Nxd4 23. Ned7 Bxd7 24. Rxd4 Nd5 25. Bb3 b6 26. Nxd7 Rxd7 27. Rc1 Rd6 28. Ba4 c5 29. Rd2 Rfd8 30. Rcd1 b5 31. Bxb5 1-0

[Event "December 19 Early 2023"]
[Site "https://www.chess.com"]
[Date "2023.12.19"]
[Round "11"]
[White "Eilers, Stefan"]
[Black "Shubenkova, Veronika"]
[Result "1/2-1/2"]
[Board "67"]
[TimeControl "180+1"]
[WhiteFideId "4609565"]
[BlackFideId "44124040"]
[WhiteElo "2460"]
[BlackElo "1967"]
[WhiteTeam "GER"]
[BlackTeam "RUS"]
[WhiteClock "0:00:12"]
[BlackClock "0:00:57"]

1. d4 d5 2. Nc3 e6 3. Bf4 Bd6 4. e3 f5 5. Nf3 Nf6 6. Be2 O-O 7. O-O c6 8. a4 Qe7 9. a5 a6 10. Bxd6 Qxd6 11. Ne5 Nbd7 12. f4 Ne4 13. Nxe4 fxe4 14. Nxd7 Bxd7 15. c4 Qb4 16. c5 Qxb2 17. Rb1 Qa3 18. Rxb7 Qxe3+ 19. Kh1 Be8 20. g3 Bg6 21. Bg4 Rf6 22. Rb3 Qd3 23. Rxd3 exd3 24. Qb3 h5 25. Bf3 Rff8 26. Qb7 Rfc8 27. Rd1 Kh7 28. Qe7 Rab8 29. Qg5 Rb2 30. f5 Bxf5 31. Qxh5+ Kg8 32. g4 Bh7 33. Qe5 Rf8 34. Qxe6+ Kh8 35. Bg2 Rff2 36. Qxc6 Rxg2 37. Qe8+ Bg8 38. Qh5+ Bh7 39. Qe8+ Bg8 40. Qh5+ Bh7 41. Qe8+ 1/2-1/2